Map: [ESL] Ancient Cistern

Players

Clem - Winner!

  • Race: Terran Terran

Neeb

  • Race: Protoss Protoss
  • League: Diamond

Event: IEM Katowice 2023

VOD

Have the link to the VOD?

Description

Time

  • Played on: Feb. 10, 2023, 7:52 a.m.
  • Length: 12:51

All games in this series

Show
View Real Time Build Order
Export as new Build Order

Clem Terran - Winner!

Build Orders: Reaper Expand 

Get SALT Encoding   

  12  0:00  SCV  
  13  0:12  SCV  
  14  0:17  Supply Depot  
  14  0:24  SCV  
  15  0:38  SCV  
  15  0:40  Barracks  
  16  0:43  Refinery  
  16  0:51  SCV  
  17  1:03  SCV  
  18  1:15  SCV  
  19  1:28  Orbital Command, Reaper  
  20  1:43  Command Center  
  20  1:48  Supply Depot  
  20  1:53  SCV  
  21  1:59  Marine  
  22  2:03  Bunker  
  22  2:07  SCV  
  23  2:18  Factory  
  23  2:19  SCV  
  23  2:21  Barracks Reactor  
  24  2:32  SCV  
  24  2:35  Refinery  
  25  2:44  SCV  
  26  2:48  Barracks  
  26  2:54  Orbital Command  
  26  2:56  SCV  
  26  2:58  Marine x2  
  29  3:01  Factory Tech Lab  
  29  3:08  SCV  
  30  3:15  Marine  
  30  3:16  Marine  
  30  3:19  Cyclone  
  35  3:20  SCV x2  
  35  3:22  Supply Depot  
  37  3:32  SCV  
  37  3:33  Marine x2, SCV  
  41  3:36  Barracks Tech Lab  
  41  3:44  SCV  
  41  3:45  SCV  
  42  3:50  Supply Depot  
  42  3:52  Cyclone  
  45  3:56  Stimpack  
  45  3:57  SCV  
  45  3:59  Marine x2  
  45  4:01  SCV  
  45  4:02  Marine  
  50  4:09  SCV  
  51  4:13  SCV  
  51  4:14  Supply Depot  
  51  4:17  Marine  
  52  4:18  Barracks  
  52  4:21  Marine x2, SCV  
  56  4:25  SCV  
  56  4:28  Engineering Bay  
  56  4:30  Siege Tank  
  60  4:35  SCV  
  60  4:36  Refinery  
  61  4:39  SCV, Supply Depot  
  61  4:40  Marine  
  61  4:41  Marine  
  61  4:43  Marine  
  65  4:47  SCV  
  65  4:50  Starport  
  65  4:52  SCV  
  67  4:56  Terran Infantry Weapons Level 1  
  67  5:00  Marine x2  
  67  5:01  SCV  
  67  5:02  Supply Depot  
  67  5:07  SCV, Marauder  
  71  5:10  Factory Tech Lab  
  71  5:13  SCV  
  73  5:17  Refinery  
  73  5:18  Supply Depot  
  73  5:19  SCV  
  74  5:23  Marine, Combat Shield  
  74  5:24  Marine  
  74  5:25  SCV  
  74  5:26  Marauder  
  79  5:31  Marauder  
  79  5:32  SCV  
  79  5:34  Starport Reactor  
  82  5:38  Supply Depot  
  82  5:44  Marine x2, Supply Depot  
  82  5:47  Marauder  
  86  5:53  Marauder  
  86  5:57  Siege Tank  
  86  6:00  SCV x2  
  86  6:02  Marine x2  
  91  6:09  Marauder  
  92  6:11  Command Center  
  92  6:13  Medivac x2, SCV  
  97  6:19  SCV  
  97  6:20  Bunker, Supply Depot x2  
  97  6:21  Engineering Bay  
  97  6:23  Marine x2  
  99  6:26  SCV  
  99  6:29  Concussive Shells, Supply Depot  
  99  6:32  SCV  
  99  6:36  Siege Tank  
  99  6:38  SCV  
  99  6:39  Marauder  
  102  6:43  Marine x2  
  102  6:44  SCV  
  102  6:48  Marauder  
  102  6:51  Medivac x2  
  107  6:58  SCV x2, Supply Depot  
  106  7:05  Marine x2  
  106  7:06  Marauder  
  110  7:09  Marauder  
  110  7:10  SCV  
  110  7:15  Siege Tank  
  116  7:20  Missile Turret  
  116  7:22  Missile Turret  
  112  7:23  SCV x2  
  112  7:27  Marauder  
  116  7:31  Marauder  
  116  7:34  Marine x2  
  122  7:37  Terran Infantry Armor Level 1  
  120  7:45  Command Center  
  120  7:48  Supply Depot  
  120  7:53  Supply Depot  
  120  7:54  Marine  
  120  7:55  Marine  
  121  7:58  Factory Reactor  
  121  7:59  Marauder  
  121  8:02  SCV  
  121  8:04  Marauder  
  126  8:10  Medivac  
  126  8:11  Medivac  
  130  8:15  Marine x2  
  132  8:21  Supply Depot  
  132  8:23  Marauder  
  132  8:25  SCV x2  
  131  8:29  Marauder  
  131  8:33  Supply Depot  
  130  8:34  Marine x2  
  130  8:38  Widow Mine  
  130  8:39  Widow Mine  
  134  8:44  Marine  
  134  8:45  SCV  
  134  8:47  SCV  
  109  8:51  Medivac x2  
  111  8:56  Marauder  
  111  8:57  Marine, SCV  
  111  9:01  SCV  
  114  9:08  Marine, Widow Mine x2  
  114  9:09  SCV, Marauder  
  110  9:17  Marauder  
  110  9:18  Marine  
  110  9:24  SCV  
  100  9:26  Marine  
  100  9:29  Widow Mine  
  100  9:30  Marauder, SCV  
  102  9:36  Marine, SCV  
  102  9:37  Widow Mine  
  104  9:39  Barracks  
  104  9:40  Barracks  
  104  9:43  Liberator  
  104  9:44  Liberator  
  108  9:47  Marauder  
  108  9:51  Marauder  
  112  9:54  Widow Mine  
  112  9:57  Marine x2  
  116  10:03  Widow Mine  
  116  10:04  Orbital Command  
  115  10:08  SCV x2  
  115  10:13  Marauder  
  120  10:14  Marauder  
  120  10:16  Widow Mine  
  120  10:17  Marine  
  120  10:18  Marine  
  123  10:24  SCV x2  
  123  10:26  Widow Mine  
  125  10:34  Marauder  
  125  10:35  Marine  
  122  10:38  Widow Mine  
  122  10:39  Orbital Command  
  122  10:40  Marauder  
  119  10:43  Marine  
  119  10:44  Marine, SCV  
  119  10:48  Marine, Widow Mine  
  123  10:52  Medivac  
  123  10:53  Marine  
  123  10:56  Marauder  
  119  10:58  SCV  
  119  10:59  Widow Mine  
  119  11:00  Marine  
  119  11:01  Marine  
  121  11:07  Marine  
  121  11:08  Marine  
  122  11:12  Marine  
  122  11:13  Widow Mine  
  122  11:17  Marauder  
  129  11:19  Liberator  
  129  11:23  Marine  
  129  11:24  Marauder  
  122  11:27  Marine x2  
  122  11:31  Marine  
  123  11:39  Marauder  
  118  11:41  Marine  
  118  11:45  Widow Mine, Marauder  
  109  11:56  SCV  
  109  11:57  SCV x2  
  109  12:00  Marauder  
  114  12:02  Marine  
  114  12:08  Marine x2  
  112  12:16  Marauder  
  112  12:20  Widow Mine  
  112  12:21  Widow Mine  
  118  12:23  Marauder  
Show
View Real Time Build Order
Export as new Build Order

Neeb Protoss 

Build Orders: 1 Gate Expand, Oracle Opening 

Get SALT Encoding   

  12  0:00  Probe  
  13  0:12  Probe  
  14  0:17  Pylon  
  14  0:24  Probe (Chrono Boost)  
  15  0:36  Gateway, Probe (Chrono Boost)  
  16  0:44  Probe (Chrono Boost)  
  16  0:47  Assimilator  
  17  0:50  Probe  
  18  1:03  Probe  
  19  1:15  Probe  
  20  1:21  Nexus  
  20  1:32  Cybernetics Core  
  20  1:33  Probe  
  20  1:39  Assimilator  
  21  1:46  Probe  
  22  1:49  Pylon  
  22  1:57  Pylon  
  22  1:58  Probe (Chrono Boost)  
  23  2:05  Stalker (Chrono Boost)  
  26  2:08  Probe (Chrono Boost)  
  26  2:13  Probe (Chrono Boost)  
  27  2:26  Probe (Chrono Boost)  
  27  2:29  Stargate  
  27  2:33  Probe (Chrono Boost)  
  27  2:36  Adept  
  30  2:44  Probe x2 (Chrono Boost)  
  32  2:45  Warp Gate  
  32  2:50  Probe  
  32  2:52  Probe  
  34  3:02  Probe  
  34  3:04  Probe  
  36  3:09  Oracle (Chrono Boost)  
  39  3:12  Adept  
  39  3:14  Probe  
  39  3:16  Probe  
  43  3:22  Pylon  
  43  3:26  Probe  
  44  3:29  Probe  
  45  3:38  Probe  
  46  3:42  Oracle  
  46  3:44  Probe  
  46  3:47  Pylon  
  49  3:50  Probe  
  50  4:00  Probe  
  50  4:01  Gateway  
  51  4:02  Gateway  
  51  4:06  Probe  
  51  4:08  Twilight Council  
  52  4:10  Pylon  
  52  4:16  Pylon  
  49  4:17  Probe  
  49  4:18  Shield Battery  
  49  4:23  Assimilator, Probe  
  51  4:35  Gateway  
  51  4:36  Gateway, Stalker  
  53  4:41  Resonating Glaives (Chrono Boost)  
  53  4:52  Gateway  
  53  4:53  Gateway  
  53  4:57  Gateway  
  53  4:58  Adept  
  53  4:59  Pylon  
  55  5:12  Adept x2  
  59  5:17  Dark Shrine  
  59  5:19  Gateway  
  59  5:22  Adept  
  61  5:34  Pylon  
  61  5:36  Adept x4  
  69  6:00  Adept x8  
  85  6:20  Probe x2  
  85  6:22  Nexus  
  85  6:24  Robotics Facility  
  87  6:35  Probe  
  87  6:36  Assimilator  
  87  6:39  Pylon  
  85  6:40  Probe (Chrono Boost)  
  82  6:47  Pylon, Probe (Chrono Boost)  
  82  6:52  Probe (Chrono Boost)  
  74  6:57  Probe (Chrono Boost)  
  74  6:59  Probe (Chrono Boost)  
  54  7:02  Dark Templar x2  
  54  7:06  Sentry, Dark Templar  
  54  7:07  Probe  
  63  7:10  Shield Battery, Dark Templar  
  63  7:12  Probe  
  66  7:21  Probe  
  65  7:25  Adept x4  
  65  7:28  Immortal (Chrono Boost)  
  73  7:32  Probe  
  73  7:33  Probe  
  80  7:47  Adept x5  
  89  7:57  Immortal (Chrono Boost)  
  93  8:01  Adept x2  
  93  8:02  Adept  
  99  8:12  Adept x5  
  101  8:27  Stalker x3  
  101  8:33  Adept x4  
  115  8:36  Adept  
  103  8:50  Probe x2  
  103  8:51  Robotics Bay  
  105  9:00  Adept x6  
  111  9:18  Probe  
  111  9:21  Probe x2  
  111  9:23  Assimilator x2  
  114  9:30  Adept x8  
  114  9:40  Probe  
  114  9:45  Probe  
  114  9:46  Colossus (Chrono Boost)  
  114  9:50  Pylon x2  
  114  9:51  Extended Thermal Lance (Chrono Boost)  
  120  9:58  Probe  
  121  10:01  Probe  
  121  10:04  Pylon  
  121  10:06  Pylon  
  122  10:11  Sentry x2  
  122  10:12  Zealot x4  
  132  10:16  Pylon  
  114  10:37  Colossus (Chrono Boost)  
  114  10:42  Stalker x6  
  128  10:48  Probe  
  99  11:03  Adept x3  
  95  11:06  Adept x6  
  101  11:20  Colossus (Chrono Boost)  
  101  11:25  Dark Templar x2  
  107  11:29  Zealot, Stalker x2  
  107  11:35  Stalker x2  
  97  11:42  Zealot, Dark Templar  
  87  11:50  Stalker  
  87  11:53  Zealot, Dark Templar  
  85  11:58  Adept x2  
  85  11:59  Adept  
  87  12:01  Adept  
  87  12:07  Adept  
  93  12:18  Adept x2  
  96  12:26  Dark Templar  
  98  12:32  Stalker  
  98  12:33  Stalker x2  
  92  12:37  Stalker  

Tags
 
Add a new tag
Caveats
  • Supply blocks, unpowered buildings, or Contaminate may cause inaccurate times.
  • Supply counts are checked every 10 seconds.